 Dungeon Crawl Stone Soup version 0.29-a0-517-gbdf32494f2 (webtiles) character file.

Game seed: 1931487483899614280

536 xian the Ducker (level 7, -7/52 HPs)
             Began as a Human Gladiator on May 30, 2022.
             Was an Initiate of Gozag.
             Mangled by an iguana (8 damage)
             ... on level 5 of the Dungeon.
             The game lasted 00:11:19 (4818 turns).

xian the Ducker (Human Gladiator)                   Turns: 4818, Time: 00:11:23

Health: -7/52      AC:  4    Str: 16    XL:     7   Next: 50%
Magic:  7/7        EV: 13    Int: 10    God:    Gozag
Gold:   254        SH:  0    Dex: 13    Spells: 5/6 levels left

rFire   + + .      SeeInvis .   l - +2 dagger (venom)
rCold   x . .      Faith    .   (no shield)
rNeg    . . .      Spirit   .   w - +0 leather armour of Itefaig {rC+ Int+2 Dex-2 Stlth+}
rPois   .          Reflect  .   c - +0 helmet
rElec   .          Harm     .   (no cloak)
rCorr   .          Rampage  .   (no gloves)
Will    .....                   (no boots)
Stlth   +++.......              (no amulet)
HPRegen 0.17/turn               j - ring of fire
MPRegen 0.10/turn               n - ring of fire

@: lethally poisoned (-7 -> -9), gold aura
A: no striking features
a: Renounce Religion, Potion Petition, Call Merchant, Bribe Branch


You were on level 5 of the Dungeon.
You worshipped Gozag.
Gozag was aware of your devotion.
You visited 2 branches of the dungeon, and saw 6 of its levels.

You collected 334 gold pieces.
You paid 80 gold pieces to Gozag.

Inventory:

Hand Weapons
 l - a +2 dagger of venom (weapon)
Missiles
 a - 2 curare-tipped darts
 d - 2 throwing nets
 r - a javelin
 x - a poisoned dart (quivered)
Armour
 c - a +0 helmet (worn)
 w - the +0 leather armour of Itefaig (worn) {rC+ Int+2 Dex-2 Stlth+}
   (You found it on level 3 of the Dungeon)

   Int:       It affects your intelligence (+2).
   Dex:       It affects your dexterity (-2).
   rC:        It protects you from cold.
   Stlth:     It makes you more stealthy.
Jewellery
 j - a ring of fire (left hand)
 n - a ring of fire (right hand)
Wands
 u - a wand of iceblast (13)
Scrolls
 b - 2 scrolls of enchant armour {unknown}
 f - 4 scrolls of identify
 h - 2 scrolls of poison
 i - a scroll of immolation {unknown}
 k - a scroll of amnesia {unknown}
 q - a scroll of teleportation {unknown}
 t - 2 scrolls of fear {unknown}
 y - a scroll of acquirement {unknown}
Potions
 e - 2 potions of degeneration {unknown}
 g - a potion of attraction {unknown}
 m - 4 potions of might
 o - 2 potions of resistance {unknown}
 p - a potion of berserk rage {unknown}
 s - a potion of ambrosia {unknown}
 v - 3 potions of curing {unknown}


   Skills:
 + Level 3.0 Fighting
 + Level 2.6(3.8) Short Blades
 + Level 4.2(4.6) Long Blades
 + Level 2.7 Throwing
 + Level 2.5 Armour
 + Level 4.3 Dodging
 + Level 3.0 Stealth


You had 5 spell levels left.
You knew the following spells:

 Your Spells              Type           Power      Damage    Failure   Level
a - Slow                  Hex            0%         N/A       41%         1

Your spell library contained the following spells:

 Spells                   Type           Power      Damage    Failure   Level
 Ensorcelled Hibernation  Hex/Ice        0%         N/A       56%         2
 Passwall                 Tmut/Erth      0%         N/A       56%         2
 Sublimation of Blood     Necr           0%         N/A       56%         2
 Wereblood                Tmut           0%         N/A       56%         2
 Confusing Touch          Hex            0%         N/A       80%         3
 Swiftness                Air            0%         N/A       80%         3
 Vampiric Draining        Necr           0%         2d6       80%         3
 Yara's Violent Unravell  Hex/Tmut       0%         3d3       100%        5
 Enfeeble                 Hex            0%         N/A       100%        7
 Summon Hydra             Summ           0%         N/A       100%        7


Dungeon Overview and Level Annotations

Branches:
Dungeon (5/15)             Temple (1/1) D:4

Altars:
Cheibriados
Dithmenos
Elyvilon
Fedhas
Gozag
Hepliaklqana
Kikubaaqudgha
Nemelex Xobeh
Ru
Sif Muna
Trog
Xom
Yredelemnul
Zin
The Shining One

Shops:
D:1 *[

Annotations:
D:1 Cloak of stealth


Message History

The hornet is poisoned.
The iguana hisses angrily.
You hit the hornet.
The hornet looks even sicker.
The hornet is lightly wounded.
An adder comes into view.
The hornet stings you!
You feel yourself slow down.
You hit the hornet but do no damage.
The hornet looks as sick as possible!
The hornet is heavily wounded.
You feel yourself speed up. The hornet stings you!
You are poisoned.
You feel yourself slow down.
The iguana hisses menacingly.
The hornet completely misses you.
You throw a poisoned dart.
The poisoned dart closely misses the hornet.
The poisoned dart hits the iguana.
The iguana is poisoned.
You feel very sick.
You kill the hornet!
An orc wizard comes into view. It is wielding a +0 dagger. x2
The iguana barely misses you. x2; The orc wizard moves out of view.
Your Fighting skill increases to level 3!
Your Armour skill increases to level 2!
Your Stealth skill increases to level 3!
You have reached level 7!
As you read the scroll labelled GASMEDD HATUUS, it crumbles to dust.
It is a scroll of identify.
m - 4 potions of might You feel sick.
The iguana barely misses you. The iguana bites you.
The orc warrior hits you from afar with a +0 trident!
* * * LOW HITPOINT WARNING * * *
The scorpion closely misses you.
The air fills with toxic fumes!
As you read the scroll labelled GUZ LUXTOJ, it crumbles to dust.
It was a scroll of poison.
You feel yourself speed up.
* * * LOW HITPOINT WARNING * * *
You feel sick. The iguana bites you!
You die...
Your body crumbles into a pile of gold.

.....!..####.# #..
#§§§§§?. .>.#.# #.#
#§§§§§.. #.#§#######.#
§#.§§§§..###.§§#........
§§§.§§§..§##§..#.#######
#§§§#§§.#§§§..§..#######
#§§§#§#§§##§§§.........
§§#§§§#§§§§§##.#########
§§§§§§l@S§§###.# ###...
#§§§#§sl#.§# #.. ......
§#o§§#o#§.§# ##.#####.#.
§§#§.§#.§§.# .. ......
§§.§§..§§§# ..##..#..
#§.§#§ l#§§# ..#...##.
§#§§§ $ §§# #..#...#..
.§# § §§# #......... ..
..# #.##.##>#.


You could see an orc warrior, a scorpion, 2 iguanas, an orc wizard and an adder.

Vanquished Creatures
  A hornet (D:5)
  Sigmund (D:2)
  An iguana (D:5)
  3 gnolls (D:4)
  6 adders
  2 dart slugs
  4 orcs
  6 endoplasms
  4 giant cockroaches
  9 goblins
  6 hobgoblins
  4 jackals (D:2)
  A quokka (D:2)
  4 ball pythons
  5 bats
  5 frilled lizards
  6 kobolds
  4 rats
72 creatures vanquished.

Notes
Turn   | Place    | Note
-------+----------+-------------------------------------------
     0 | D:1      | xian the Human Gladiator began the quest for the Orb.
     0 | D:1      | Reached XP level 1. HP: 16/16 MP: 1/1
    44 | D:1      | Found Raewkaih's Assorted Antiques.
   271 | D:1      | Reached XP level 2. HP: 21/22 MP: 2/2
   438 | D:1      | Found Tusisk's Armour Emporium.
   757 | D:2      | Reached XP level 3. HP: 27/27 MP: 3/3
  1464 | D:2      | Reached XP level 4. HP: 29/33 MP: 4/4
  1802 | D:2      | Noticed Sigmund
  1809 | D:2      | Killed Sigmund
  1810 | D:2      | Reached skill level 1 in Short Blades
  1810 | D:2      | Reached skill level 1 in Armour
  1810 | D:2      | Reached skill level 1 in Stealth
  1810 | D:2      | Reached XP level 5. HP: 26/39 MP: 5/5
  1810 | D:2      | Reached XP level 6. HP: 31/46 MP: 6/6
  2339 | D:3      | Found an ancient bone altar of Kikubaaqudgha.
  2389 | D:3      | Learned a level 1 spell: Slow
  2654 | D:3      | Found a faded altar of an unknown god.
  2911 | D:3      | Found a faded altar of an unknown god.
  2916 | D:3      | Found a blossoming altar of Fedhas.
  3018 | D:3      | Found a bloodstained altar of Trog.
  3018 | D:3      | Found a shimmering altar of Xom.
  3024 | D:3      | Found a faded altar of an unknown god.
  3026 | D:3      | Found a shadowy altar of Dithmenos.
  3028 | D:3      | Found a glowing golden altar of the Shining One.
  3154 | D:3      | Identified the +0 leather armour of Itefaig {rC+ Int+2
                  | Dex-2 Stlth+}
  3911 | D:4      | Found a staircase to the Ecumenical Temple.
  3917 | Temple   | Entered the Ecumenical Temple
  3977 | Temple   | Became a worshipper of Gozag Ym Sagoz the Greedy
  4146 | D:4      | Found a white marble altar of Elyvilon.
  4714 | D:5      | Entered Level 5 of the Dungeon
  4721 | D:5      | Found a snail-covered altar of Cheibriados.
  4809 | D:5      | Noticed a hornet
  4809 | D:5      | Noticed an orc warrior
  4816 | D:5      | Killed a hornet
  4817 | D:5      | Reached XP level 7. HP: 24/52 MP: 7/7
  4818 | D:5      | HP: 1/52 [poisoned by a hornet]
  4818 | D:5      | Mangled by an iguana

Illustrated notes

Levels and vault maps discovered:
D:1:      scummos_arrival_simple_crosswalls, layout_rooms, serial_shops, shop,
          nicolae_shop_advertising_works [nicolae_subvault_shop_adworks]
D:2:      layout_basic, grunt_ministairs_1, minmay_pentomino_u4, uniq_sigmund
D:3:      layout_basic, amcnicky_altar_gilded,
          chequers_temple_overflow_minitemple,
          nicolae_overflow_ecumenical_swirl,
          hellmonk_ecumenical_altar_heavens_door,
          nicolae_elevator_lobby_asterisk
D:4:      layout_loops_corners, lemuel_coloured_pillars_altar,
          minmay_temple_entry_hall, minmay_goblin_kobold_house
D:5:      cheibrodos_fzero, layout_loops_ring, cheibriados_altar_1,
          gammafunk_ghost_smash, glass_columns_a, hangedman_decor_slide_cut,
          amcnicky_mini_pool_small, nicolae_shop_dragon_depot,
          minmay_manual_mares
Temple:   compressed_dpeg_circular_temple

Skill      XL: |  1  2  3  4  5  6 |
---------------+-------------------+-----
Short Blades   | 1 2 |  2.6
Long Blades    | 4 |  4.2
Armour         | 1 2 |  2.5
Dodging        | 4 |  4.3
Stealth        | 1 3 |  3.0
Fighting       | 3 |  3.0
Throwing       | |  2.7

Action                   |  1- 3 |  4- 6 |  7- 9 || total
-------------------------+-------+-------+-------++-------
Melee: Long sword        |    38 |       |       ||    38
       Dagger            |    45 |   107 |       ||   152
       Punch             |       |     1 |       ||     1
Throw: Throwing net      |     1 |     1 |       ||     2
       Javelin           |       |     1 |       ||     1
       Dart              |       |     2 |       ||     2
  Use: Scroll            |       |       |     2 ||     2
 Stab: Held in net/web   |     1 |     1 |       ||     2
       Sleeping          |       |     5 |       ||     5
Armor: Leather armour    |    29 |     9 |       ||    38
       Skin              |     1 |     5 |       ||     6
Dodge: Dodged            |    72 |    80 |     2 ||   154

Table legend: (Time is in decaauts)
 A = Elapsed time spent in this place.
 B = Non-inter-level travel time spent in this place.
 C = Inter-level travel time spent in this place.
 D = Time resting spent in this place.
 E = Time spent auto-exploring this place.
 F = Levels seen in this place.
 G = Mean time per level.
                   A        B        C        D        E       F      G
               +--------+--------+--------+--------+--------+-----+--------+
         Total |   4805 |   4748 |     57 |    468 |   3283 |   6 |  800.8 |
       Dungeon |   4723 |   4666 |     57 |    468 |   3257 |   5 |  944.6 |
        Temple |     81 |     81 |      0 |      0 |     26 |   1 |   81.0 |
               +--------+--------+--------+--------+--------+-----+--------+

Top non-repeatable levels by time:
     D:2: 1777 daAuts
     D:4: 1375 daAuts
     D:3: 924 daAuts
     D:1: 543 daAuts
     D:5: 103 daAuts
  Temple: 81 daAuts
